[Event "46th GRE-chT Premier 2018"]
[Site "Rio Achaia"]
[Date "2018.07.10"]
[Round "1"]
[White "Stefanou, Dimitrios"]
[Black "Fotiadis, Alexandros"]
[Result "1-0"]
[ECO "E95"]
[WhiteElo "1824"]
[BlackElo "1336"]
[Annotator "NA"]
[PlyCount "69"]
[EventDate "2018.07.10"]
[EventType "team-tourn"]
[EventCountry "GRE"]
[SourceTitle "playchess.com"]
[Source "ChessBase"]
[SourceQuality "1"]
[TimeControl "40/5400+30:1800+30"]

1. d4 Nf6 2. Nf3 g6 3. c4 Bg7 4. Nc3 d6 5. e4 O-O 6. Be2 Nbd7 7. O-O e5 8. Re1 Re8 9. Bf1 Re7 10. a3 Qe8 11. d5 Qf8 12. b4 Ne8 13. a4 f5 14. Ng5 Ndf6 15. c5 h6 16. Ne6 Bxe6 17. dxe6 f4 18. Nd5 Nxd5 19. exd5 e4 20. Rb1 Qf5 21. Bb2 Bxb2 22. Rxb2 Nf6 23. Rd2 g5 24. Qb3 g4 25. Qc4 Rg7 26. Rd4 g3 27. hxg3 fxg3 28. fxg3 Rxg3 29. cxd6 cxd6 30. Qc7 Qe5 31. Rc4 Qxd5 32. Qf7+ Kh8 33. Qxf6+ Kh7 34. Rc7+ Kg8 35. Qf7+ {Rg7} 1-0

[Event "46th GRE-chT Premier 2018"]
[Site "Rio Achaia"]
[Date "2018.07.10"]
[Round "1"]
[White "Hidzos, Georgios"]
[Black "Michelakos, Panagiotis"]
[Result "0-1"]
[ECO "B35"]
[WhiteElo "1822"]
[BlackElo "2244"]
[Annotator "NA"]
[PlyCount "56"]
[EventDate "2018.07.10"]
[EventType "team-tourn"]
[EventCountry "GRE"]
[SourceTitle "playchess.com"]
[Source "ChessBase"]
[SourceQuality "1"]
[TimeControl "40/5400+30:1800+30"]

1. e4 c5 2. Nf3 Nc6 3. d4 cxd4 4. Nxd4 g6 5. Nc3 Bg7 6. Be3 Nf6 7. Bc4 O-O 8. Bb3 d5 9. exd5 Na5 10. h3 Nxb3 11. Nxb3 b5 12. d6 Bb7 13. O-O exd6 14. Nxb5 Nd5 15. Bd4 Bh6 16. c4 Nf4 17. Be3 Nxg2 18. Bxh6 Qh4 19. Qd2 Qxh3 20. f3 Nh4 21. Qh2 Nxf3+ 22. Rxf3 Qxf3 23. Bxf8 Rxf8 24. N5d4 Qe4 25. Qg3 Re8 26. Kf2 Re5 27. Nf3 Qe3+ 28. Kf1 Bxf3 0-1

[Event "46th GRE-chT Premier 2018"]
[Site "Rio Achaia"]
[Date "2018.07.10"]
[Round "1"]
[White "Kafetzi, Angeliki"]
[Black "Grafakou, Sotiria-Aphrodite"]
[Result "1/2-1/2"]
[ECO "A46"]
[WhiteElo "1815"]
[BlackElo "1617"]
[Annotator "NA"]
[PlyCount "91"]
[EventDate "2018.07.10"]
[EventType "team-tourn"]
[EventCountry "GRE"]
[SourceTitle "playchess.com"]
[Source "ChessBase"]
[SourceQuality "1"]
[TimeControl "40/5400+30:1800+30"]

1. d4 Nf6 2. Nf3 e6 3. Bg5 Be7 4. Nbd2 d5 5. e3 c5 6. c3 Nc6 7. Bd3 b6 8. O-O O-O 9. Ne5 Nxe5 10. dxe5 Nd7 11. Bxe7 Qxe7 12. f4 f5 13. exf6 Nxf6 14. Nf3 Nd7 15. Ng5 g6 16. h4 Nf6 17. Qe1 e5 18. e4 exf4 19. exd5 Qe3+ 20. Qxe3 fxe3 21. Bc4 Bd7 22. Ne6 Bxe6 23. dxe6 Kg7 24. Rad1 Rae8 25. Rd6 Re7 26. Rfd1 Ne4 27. Rd7 Rfe8 28. Rxe7+ Rxe7 29. Re1 Nd6 30. Bd5 Nf5 31. g4 Nh6 32. Rxe3 Nxg4 33. Rf3 Nf6 34. c4 Ne8 35. a4 Nc7 36. a5 Nxe6 37. axb6 axb6 38. Rb3 Nd4 39. Rxb6 Re1+ 40. Kf2 Re2+ 41. Kg3 Nf5+ 42. Kf3 Nd4+ 43. Kg4 Re7 44. h5 gxh5+ 45. Kxh5 Rc7 46. Rb8 1/2-1/2

[Event "46th GRE-chT Premier 2018"]
[Site "Rio Achaia"]
[Date "2018.07.10"]
[Round "1"]
[White "Georgitsi, Antigoni"]
[Black "Petraki, Argiro"]
[Result "0-1"]
[ECO "B38"]
[WhiteElo "1811"]
[BlackElo "1729"]
[Annotator "NA"]
[PlyCount "70"]
[EventDate "2018.07.10"]
[EventType "team-tourn"]
[EventCountry "GRE"]
[SourceTitle "playchess.com"]
[Source "ChessBase"]
[SourceQuality "1"]
[TimeControl "40/5400+30:1800+30"]

1. e4 c5 2. Nf3 Nc6 3. d4 cxd4 4. Nxd4 g6 5. c4 Bg7 6. Be3 Nf6 7. Nc3 d6 8. Be2 O-O 9. O-O Bd7 10. h3 Nxd4 11. Bxd4 Bc6 12. Qc2 a5 13. Rad1 Rc8 14. c5 Re8 15. Be5 Nd7 16. Bxg7 Kxg7 17. cxd6 exd6 18. Rxd6 Qe7 19. Qd2 Nf6 20. f3 Nh5 21. Rd1 Kg8 22. Bb5 Bxb5 23. Nxb5 Qe5 24. Rd5 Qg3 25. Nd6 Nf4 26. Rd4 Rcd8 27. e5 Rxd6 28. Rxd6 Rxe5 29. Rd8+ Kg7 30. Kh1 Re2 31. Qd4+ Kh6 32. Rg1 Nxh3 33. Rd5 Nf2+ 34. Qxf2 Rxf2 35. Rd4 f5 0-1

[Event "46th GRE-chT Premier 2018"]
[Site "Rio Achaia"]
[Date "2018.07.10"]
[Round "1"]
[White "Eleftheriou, Georgios"]
[Black "Pavlidis, Pavlos"]
[Result "0-1"]
[ECO "A05"]
[WhiteElo "1790"]
[BlackElo "1906"]
[Annotator "NA"]
[PlyCount "62"]
[EventDate "2018.07.10"]
[EventType "team-tourn"]
[EventCountry "GRE"]
[SourceTitle "playchess.com"]
[Source "ChessBase"]
[SourceQuality "1"]
[TimeControl "40/5400+30:1800+30"]

1. Nf3 Nf6 2. e3 d5 3. b3 e6 4. Bb2 Be7 5. d4 O-O 6. Bd3 b6 7. O-O Bb7 8. Nbd2 Ne4 9. a3 Nd7 10. Ne5 f6 11. Nxd7 Qxd7 12. f3 Nxd2 13. Qxd2 c5 14. Rae1 Rad8 15. Qe2 Bd6 16. f4 f5 17. Rf3 c4 18. bxc4 dxc4 19. Bxc4 Bxf3 20. Qxf3 Rde8 21. g4 fxg4 22. Qxg4 Rf6 23. Bd3 Qe7 24. Re2 Bxa3 25. Bxa3 Qxa3 26. Bxh7+ Kxh7 27. Qh5+ Rh6 28. Qxe8 Qc1+ 29. Kg2 Rg6+ 30. Kf2 Qg1+ 31. Kf3 Qh1+ 0-1

[Event "46th GRE-chT Premier 2018"]
[Site "Rio Achaia"]
[Date "2018.07.10"]
[Round "1"]
[White "Mastrakouli, Evagelia"]
[Black "Louka, Magdalini"]
[Result "1-0"]
[ECO "D10"]
[WhiteElo "1779"]
[BlackElo "1814"]
[Annotator "NA"]
[PlyCount "69"]
[EventDate "2018.07.10"]
[EventType "team-tourn"]
[EventCountry "GRE"]
[SourceTitle "playchess.com"]
[Source "ChessBase"]
[SourceQuality "1"]
[TimeControl "40/5400+30:1800+30"]

1. d4 d5 2. c4 c6 3. Nc3 Nf6 4. Qc2 e6 5. cxd5 exd5 6. Bf4 Bd6 7. Bg5 O-O 8. e3 Re8 9. Bd3 h6 10. Bh4 Nbd7 11. Nge2 a6 12. h3 Qe7 13. O-O g5 14. Bg3 Nh5 15. e4 Bxg3 16. fxg3 dxe4 17. Nxe4 Ndf6 18. N2c3 Nxe4 19. Nxe4 f5 20. g4 fxe4 21. Bc4+ Be6 22. gxh5 Bxc4 23. Qxc4+ Qe6 24. Qc3 Rf8 25. Qb4 Rf7 26. Rxf7 Qxf7 27. Rf1 Qd7 28. Qc4+ Kg7 29. d5 cxd5 30. Qd4+ Kh7 31. Rf6 Rg8 32. Qb6 Kg7 33. Rg6+ Kh7 34. Rxh6+ Kg7 35. Qf6# 1-0

[Event "46th GRE-chT Premier 2018"]
[Site "Rio Achaia"]
[Date "2018.07.10"]
[Round "1"]
[White "Antoniadou, Paraskevi"]
[Black "Ratsma, Rosa"]
[Result "1-0"]
[ECO "B51"]
[WhiteElo "1764"]
[BlackElo "2265"]
[Annotator "NA"]
[PlyCount "124"]
[EventDate "2018.07.10"]
[EventType "team-tourn"]
[EventCountry "GRE"]
[SourceTitle "playchess.com"]
[Source "ChessBase"]
[SourceQuality "1"]
[TimeControl "40/5400+30:1800+30"]

1. e4 c5 2. Nf3 d6 3. Bb5+ Nd7 4. O-O a6 5. Bd3 Ngf6 6. a4 e5 7. c3 Be7 8. Bc2 O-O 9. d4 cxd4 10. cxd4 Re8 11. Re1 Rb8 12. Nbd2 Bf8 13. Nf1 g6 14. Bd2 exd4 15. Nxd4 Bg7 16. Bc3 Qc7 17. Nf3 Ne5 18. h3 Be6 19. Nd4 Bd7 20. Ne3 b5 21. axb5 axb5 22. Bb4 Nc4 23. b3 Nxe3 24. Rxe3 d5 25. Rc3 Qe5 26. Nf3 Qf4 27. g3 Qh6 28. e5 Ne4 29. Bxe4 dxe4 30. Qxd7 Rbd8 31. Qb7 exf3 32. Rxf3 Qxh3 33. Rxf7 Bxe5 34. Re1 Bd4 35. Rxe8+ Rxe8 36. Qf3 Qc8 37. Rb7 Qe6 38. Rxb5 Qe4 39. Qxe4 Rxe4 40. Bc5 Be5 41. Rb7 Bc3 42. Kg2 h5 43. Kf3 Re5 44. b4 g5 45. Be3 h4 46. Kg2 Be1 47. Bc5 Rf5 48. Re7 Bc3 49. Re4 hxg3 50. Kxg3 Kf7 51. Kg4 Rd5 52. Rc4 Bd2 53. b5 Bf4 54. b6 Rd7 55. Be3 Ke6 56. Bxf4 gxf4 57. Kxf4 Rf7+ 58. Ke3 Kd6 59. f4 Rb7 60. Rb4 Kc6 61. Ke4 Re7+ 62. Kf5 Kb7 {[%emt 0:00:28] Ke4} 1-0

[Event "46th GRE-chT Premier 2018"]
[Site "Rio Achaia"]
[Date "2018.07.10"]
[Round "1"]
[White "Kalyva, Kyriaki"]
[Black "Paroglou, Marianna"]
[Result "1-0"]
[ECO "D31"]
[WhiteElo "1734"]
[BlackElo "1241"]
[Annotator "NA"]
[PlyCount "69"]
[EventDate "2018.07.10"]
[EventType "team-tourn"]
[EventCountry "GRE"]
[SourceTitle "playchess.com"]
[Source "ChessBase"]
[SourceQuality "1"]
[TimeControl "40/5400+30:1800+30"]

1. d4 e6 2. c4 d5 3. Nc3 c6 4. cxd5 cxd5 5. Nf3 f5 6. Bf4 Nf6 7. e3 a6 8. Bd3 Nc6 9. O-O Be7 10. Rc1 O-O 11. a3 Bd7 12. Ne5 Nxe5 13. dxe5 Ne4 14. f3 Nxc3 15. Rxc3 Rc8 16. Qb3 Rxc3 17. bxc3 b5 18. h3 Qb6 19. Re1 Qa5 20. g4 Qxa3 21. Qxa3 Bxa3 22. Ra1 Bb2 23. Rxa6 fxg4 24. hxg4 Bxc3 25. Rd6 Rf7 26. g5 g6 27. Bxb5 Bxb5 28. Rxe6 d4 29. Rb6 dxe3 30. Bxe3 Be2 31. e6 Re7 32. Rc6 Bb4 33. Rc8+ Re8 34. Rxe8+ Kg7 35. Bd4# 1-0

[Event "46th GRE-chT Premier 2018"]
[Site "Rio Achaia"]
[Date "2018.07.10"]
[Round "1"]
[White "Bastianou, Chrysoula"]
[Black "Giannoulaki, Ermofili"]
[Result "1-0"]
[ECO "A53"]
[WhiteElo "1710"]
[BlackElo "1286"]
[Annotator "NA"]
[PlyCount "71"]
[EventDate "2018.07.10"]
[EventType "team-tourn"]
[EventCountry "GRE"]
[SourceTitle "playchess.com"]
[Source "ChessBase"]
[SourceQuality "1"]
[TimeControl "40/5400+30:1800+30"]

1. d4 Nf6 2. c4 d6 3. Nc3 e5 4. e3 Nbd7 5. Qc2 c6 6. Nf3 Be7 7. Be2 O-O 8. O-O Qc7 9. b3 b6 10. Ba3 Re8 11. Rac1 Bb7 12. Rfd1 Rac8 13. Qb1 Qb8 14. Bd3 Bf8 15. Bf5 Rc7 16. dxe5 dxe5 17. Bd6 Bxd6 18. Rxd6 a5 19. a3 b5 20. Rcd1 Bc8 21. Qc2 Nc5 22. Bxc8 Rcxc8 23. b4 axb4 24. axb4 Na6 25. cxb5 Nxb4 26. Qb3 Nbd5 27. Nxd5 Nxd5 28. Rd7 Red8 29. Rxd8+ Rxd8 30. e4 Nf6 31. Rxd8+ Qxd8 32. Nxe5 Qe7 33. Nxc6 Qxe4 34. Qd1 h6 35. h3 Nd5 36. Qxd5 1-0

[Event "46th GRE-chT Premier 2018"]
[Site "Rio Achaia"]
[Date "2018.07.10"]
[Round "1"]
[White "Kouta, Antonia"]
[Black "Vitzileou, Fedra"]
[Result "1-0"]
[ECO "B38"]
[WhiteElo "1703"]
[BlackElo "1226"]
[Annotator "NA"]
[PlyCount "47"]
[EventDate "2018.07.10"]
[EventType "team-tourn"]
[EventCountry "GRE"]
[SourceTitle "playchess.com"]
[Source "ChessBase"]
[SourceQuality "1"]
[TimeControl "40/5400+30:1800+30"]

1. e4 c5 2. Nf3 Nc6 3. d4 cxd4 4. Nxd4 g6 5. c4 Bg7 6. Be3 Nf6 7. Nc3 O-O 8. Be2 d6 9. f3 a5 10. Qd2 Nd7 11. Nd5 Nxd4 12. Bxd4 Bxd4 13. Qxd4 Nc5 14. h4 e5 15. Qd2 Kh8 16. O-O-O a4 17. Qh6 Rg8 18. g4 Ne6 19. Kb1 f5 20. gxf5 gxf5 21. Nf6 Rg7 22. Rhg1 Qe7 23. Qxh7+ Rxh7 24. Rg8# 1-0

[Event "46th GRE-chT Premier 2018"]
[Site "Rio Achaia"]
[Date "2018.07.10"]
[Round "1"]
[White "Markaki, Sofia"]
[Black "Petraki, Maria"]
[Result "0-1"]
[ECO "B99"]
[WhiteElo "1694"]
[BlackElo "1962"]
[Annotator "NA"]
[PlyCount "76"]
[EventDate "2018.07.10"]
[EventType "team-tourn"]
[EventCountry "GRE"]
[SourceTitle "playchess.com"]
[Source "ChessBase"]
[SourceQuality "1"]
[TimeControl "40/5400+30:1800+30"]

1. e4 c5 2. Nf3 d6 3. d4 cxd4 4. Nxd4 Nf6 5. Nc3 a6 6. Bg5 Nbd7 7. f4 Qc7 8. Qf3 e6 9. O-O-O Be7 10. Bd3 h6 11. Bh4 g5 12. fxg5 Ne5 13. Qe2 Nfg4 14. h3 hxg5 15. Bg3 Nxd3+ 16. cxd3 Ne5 17. Kb1 Bd7 18. Rc1 Qa5 19. Nb3 Qd8 20. d4 Ng6 21. Rhf1 O-O 22. Nd2 b5 23. e5 d5 24. Qg4 b4 25. Ne2 Bb5 26. h4 gxh4 27. Nf4 Bxf1 28. Rxf1 Kg7 29. Nh5+ Kh7 30. Nf6+ Kg7 31. Bxh4 Rh8 32. Nh5+ Rxh5 33. Bxe7 Qxe7 34. Qxh5 Rh8 35. Qf3 Rh4 36. Nb3 Rf4 37. Qd3 Qg5 38. Qxa6 Qf5+ 0-1

[Event "46th GRE-chT Premier 2018"]
[Site "Rio Achaia"]
[Date "2018.07.10"]
[Round "1"]
[White "Prokopiou, Ekaterini"]
[Black "Skaraki, Antigoni"]
[Result "0-1"]
[ECO "E61"]
[WhiteElo "1661"]
[BlackElo "2027"]
[Annotator "NA"]
[PlyCount "110"]
[EventDate "2018.07.10"]
[EventType "team-tourn"]
[EventCountry "GRE"]
[SourceTitle "playchess.com"]
[Source "ChessBase"]
[SourceQuality "1"]
[TimeControl "40/5400+30:1800+30"]

1. d4 Nf6 2. c4 g6 3. Nc3 Bg7 4. Nf3 O-O 5. Bf4 d6 6. h3 c5 7. e3 Qa5 8. Qd2 a6 9. Be2 Re8 10. d5 Bd7 11. e4 b5 12. e5 dxe5 13. Nxe5 b4 14. Nd1 Ne4 15. Qe3 b3+ 16. Nc3 Bf5 17. O-O Nxc3 18. Qxc3 Qxc3 19. bxc3 b2 20. Rab1 Bxb1 21. Rxb1 g5 22. Bg3 Bxe5 23. Bxe5 Nd7 24. Bg3 f5 25. Bc7 Ra7 26. Bh5 Rc8 27. d6 exd6 28. Bxd6 Nf6 29. Bf3 Ne4 30. Bxe4 fxe4 31. Rxb2 Rd7 32. Rb6 a5 33. Ra6 h5 34. a4 Kh7 35. Kh2 h4 36. Kg1 Kg7 37. Be5+ Kf7 38. Rf6+ Ke7 39. Rg6 Rd1+ 40. Kh2 Rf1 41. Rxg5 Rxf2 42. Rg4 Re2 43. Rxh4 Ke6 44. Bg3 Rd8 45. Rh6+ Kf7 46. Bd6 e3 47. h4 Rg8 48. Bg3 Ra2 49. Rc6 Re8 50. Rxc5 e2 51. Rxa5 e1=Q 52. Bxe1 Rxe1 53. Rg5 Rxa4 54. Rg4 Re3 55. h5 Rxc3 0-1

[Event "46th GRE-chT Premier 2018"]
[Site "Rio Achaia"]
[Date "2018.07.10"]
[Round "1"]
[White "Kokkota, Fotini"]
[Black "Fragou, Maria V"]
[Result "1-0"]
[ECO "B19"]
[WhiteElo "1615"]
[BlackElo "1427"]
[Annotator "NA"]
[PlyCount "61"]
[EventDate "2018.07.10"]
[EventType "team-tourn"]
[EventCountry "GRE"]
[SourceTitle "playchess.com"]
[Source "ChessBase"]
[SourceQuality "1"]
[TimeControl "40/5400+30:1800+30"]

1. e4 c6 2. d4 d5 3. Nc3 dxe4 4. Nxe4 Bf5 5. Ng3 Bg6 6. h4 h6 7. Nf3 Nd7 8. Bd3 Bxd3 9. Qxd3 Ngf6 10. O-O e6 11. Re1 Be7 12. h5 O-O 13. c4 c5 14. d5 exd5 15. cxd5 Nb6 16. Nf5 Bd6 17. Nxh6+ Kh8 18. Nf5 Nxh5 19. Ng5 Nf6 20. Re3 Nbxd5 21. Rh3+ Kg8 22. Nxd6 Qxd6 23. Nh7 Rfd8 24. Bg5 g6 25. Nxf6+ Nxf6 26. Qf3 Kg7 27. Bxf6+ Qxf6 28. Rh7+ Kxh7 29. Qxf6 Rd7 30. Re1 Rad8 31. Re3 1-0

[Event "46th GRE-chT Premier 2018"]
[Site "Rio Achaia"]
[Date "2018.07.10"]
[Round "1"]
[White "Blitsas, Orestis"]
[Black "Patrelakis, Evaggelos"]
[Result "0-1"]
[ECO "B51"]
[WhiteElo "1584"]
[BlackElo "2285"]
[Annotator "NA"]
[PlyCount "86"]
[EventDate "2018.07.10"]
[EventType "team-tourn"]
[EventCountry "GRE"]
[SourceTitle "playchess.com"]
[Source "ChessBase"]
[SourceQuality "1"]
[TimeControl "40/5400+30:1800+30"]

1. e4 c5 2. Nf3 d6 3. Bb5+ Nd7 4. c3 a6 5. Bd3 Ngf6 6. Bc2 b5 7. d4 cxd4 8. cxd4 Qc7 9. O-O Bb7 10. Nbd2 g6 11. Re1 e5 12. d5 Bg7 13. Nf1 Rc8 14. Re2 O-O 15. Ng3 a5 16. h3 Nc5 17. Be3 Ba6 18. Rc1 b4 19. Re1 Qb7 20. Bb1 Qb5 21. Qd2 Nd3 22. Rxc8 Rxc8 23. Rd1 Nc5 24. Rc1 a4 25. Nh4 Ne8 26. Nf3 Rc7 27. Nh2 a3 28. b3 Nd7 29. f3 Rxc1+ 30. Qxc1 Nc5 31. Ng4 h5 32. Nf2 h4 33. Nf1 Nc7 34. Bxc5 Qxc5 35. Qxc5 dxc5 36. Nd3 Bf8 37. Nxe5 Bxf1 38. Kxf1 Nb5 39. Nc4 Nc3 40. d6 Nxb1 41. d7 Be7 42. Ne5 Nc3 43. Nc6 Kf8 0-1

[Event "46th GRE-chT Premier 2018"]
[Site "Rio Achaia"]
[Date "2018.07.10"]
[Round "1"]
[White "Tzagarakis, Panagiotis"]
[Black "Kartsidima, Aikaterini"]
[Result "0-1"]
[ECO "B00"]
[WhiteElo "1573"]
[BlackElo "1402"]
[Annotator "NA"]
[PlyCount "78"]
[EventDate "2018.07.10"]
[EventType "team-tourn"]
[EventCountry "GRE"]
[SourceTitle "playchess.com"]
[Source "ChessBase"]
[SourceQuality "1"]
[TimeControl "40/5400+30:1800+30"]

1. e4 d6 2. d4 Nf6 3. Bd3 g6 4. h3 Bg7 5. Be3 b6 6. Qe2 Bb7 7. Nd2 Nbd7 8. f4 e5 9. fxe5 dxe5 10. d5 O-O 11. Bg5 Nc5 12. Bc4 c6 13. O-O-O h6 14. Bxf6 Qxf6 15. dxc6 Qxc6 16. Bd5 Qc7 17. Nb3 Nxb3+ 18. Bxb3 Rfd8 19. Nf3 Rac8 20. Rdf1 Qe7 21. Rf2 Rc7 22. Rhf1 Rf8 23. Nh2 Qg5+ 24. Kb1 Qg3 25. Ng4 h5 26. Nf6+ Bxf6 27. Rxf6 Qg5 28. Qf3 Ba6 29. Rd1 Bc4 30. Bxc4 Rxc4 31. c3 Rc7 32. g4 h4 33. Rfd6 Qe7 34. R1d5 Rc5 35. Rd7 Qe6 36. R5d6 Qe8 37. Qf6 Rc8 38. Qxh4 Rc6 39. Qf6 Qxd7 0-1

[Event "46th GRE-chT Premier 2018"]
[Site "Rio Achaia"]
[Date "2018.07.10"]
[Round "1"]
[White "Makridis, Dimitrios"]
[Black "Pilalis, Ernestos"]
[Result "1-0"]
[ECO "B23"]
[WhiteElo "1565"]
[BlackElo "1278"]
[Annotator "NA"]
[PlyCount "51"]
[EventDate "2018.07.10"]
[EventType "team-tourn"]
[EventCountry "GRE"]
[SourceTitle "playchess.com"]
[Source "ChessBase"]
[SourceQuality "1"]
[TimeControl "40/5400+30:1800+30"]

1. e4 c5 2. Nc3 e6 3. f4 a6 4. Nf3 Nc6 5. g3 d5 6. d3 Nf6 7. e5 Nd7 8. Bg2 Be7 9. O-O O-O 10. h4 b5 11. g4 f6 12. exf6 Nxf6 13. Ne5 Nxe5 14. fxe5 b4 15. exf6 Bxf6 16. Ne2 Bxh4 17. Rxf8+ Kxf8 18. Nf4 Kg8 19. Qf3 Ra7 20. Qh3 g5 21. Nh5 Rf7 22. Bd2 Rf2 23. Be3 Rxc2 24. Rf1 d4 25. Nf6+ Kh8 26. Bxg5 1-0

[Event "46th GRE-chT Premier 2018"]
[Site "Rio Achaia"]
[Date "2018.07.10"]
[Round "1"]
[White "Gkikas, Ioannis"]
[Black "Stefan, Victor"]
[Result "0-1"]
[ECO "C47"]
[WhiteElo "1553"]
[BlackElo "2102"]
[Annotator "NA"]
[PlyCount "70"]
[EventDate "2018.07.10"]
[EventType "team-tourn"]
[EventCountry "GRE"]
[SourceTitle "playchess.com"]
[Source "ChessBase"]
[SourceQuality "1"]
[TimeControl "40/5400+30:1800+30"]

1. e4 e5 2. Nf3 Nc6 3. Nc3 Nf6 4. d4 exd4 5. Nxd4 Bb4 6. Nxc6 bxc6 7. Bd3 O-O 8. O-O d5 9. exd5 cxd5 10. Qf3 c6 11. h3 Re8 12. Bg5 Bd6 13. Rfe1 Be5 14. Bf4 Bxf4 15. Qxf4 Be6 16. Na4 Qb8 17. Qd4 Qd6 18. Nc5 Nd7 19. Nxd7 Qxd7 20. c4 Rab8 21. cxd5 Qxd5 22. Qxd5 Bxd5 23. b3 Kf8 24. g3 g6 25. Bf1 Rb4 26. Bg2 Rd4 27. Red1 Rxd1+ 28. Rxd1 Rd8 29. Bxd5 cxd5 30. Kg2 Ke7 31. Kf3 Kd6 32. b4 Re8 33. a3 Re4 34. Rd3 f5 35. Re3 Ke5 0-1

[Event "46th GRE-chT Premier 2018"]
[Site "Rio Achaia"]
[Date "2018.07.10"]
[Round "1"]
[White "Argyropoulos, Theodoros"]
[Black "Karakatsanis, Nikolaos"]
[Result "0-1"]
[ECO "B26"]
[WhiteElo "1539"]
[BlackElo "1907"]
[Annotator "NA"]
[PlyCount "96"]
[EventDate "2018.07.10"]
[EventType "team-tourn"]
[EventCountry "GRE"]
[SourceTitle "playchess.com"]
[Source "ChessBase"]
[SourceQuality "1"]
[TimeControl "40/5400+30:1800+30"]

1. e4 c5 2. Nc3 Nc6 3. g3 g6 4. d3 Bg7 5. Bg2 d6 6. Be3 e6 7. Qd2 Nd4 8. Nge2 Ne7 9. Nd1 Nxe2 10. Qxe2 O-O 11. O-O Nc6 12. c3 h6 13. f4 f5 14. e5 Re8 15. d4 dxe5 16. dxe5 Bf8 17. Bxc6 bxc6 18. c4 Re7 19. Nc3 Rd7 20. Rad1 Rd4 21. Bxd4 cxd4 22. Na4 Qa5 23. b3 c5 24. Qf3 Rb8 25. Qc6 Kf7 26. Nb2 Bb7 27. Qa4 Qc7 28. Nd3 Ba8 29. Ne1 g5 30. Qa3 Qb7 31. Kf2 gxf4 32. gxf4 Qe4 33. Qc1 Be7 34. Rd3 Bh4+ 35. Rg3 Rg8 36. Qd2 Rg4 37. Nd3 Rxg3 38. hxg3 Qf3+ 39. Ke1 Bxg3+ 40. Nf2 Bxf4 41. Qd3 Be3 42. Qe2 Qg3 43. Qh5+ Ke7 44. Ke2 Bg2 45. Nd1 Bxf1+ 46. Kxf1 Qg1+ 47. Ke2 Qg2+ 48. Ke1 Bd2# 0-1

[Event "46th GRE-chT Premier 2018"]
[Site "Rio Achaia"]
[Date "2018.07.10"]
[Round "1"]
[White "Rousis, Chrysostomos"]
[Black "Magklaras, Panagiotis"]
[Result "1-0"]
[ECO "B27"]
[WhiteElo "1483"]
[BlackElo "1131"]
[Annotator "NA"]
[PlyCount "111"]
[EventDate "2018.07.10"]
[EventType "team-tourn"]
[EventCountry "GRE"]
[SourceTitle "playchess.com"]
[Source "ChessBase"]
[SourceQuality "1"]
[TimeControl "40/5400+30:1800+30"]

1. e4 c5 2. Nf3 g6 3. d4 cxd4 4. Qxd4 Nf6 5. e5 Nc6 6. Qa4 Nd5 7. Qe4 Nb6 8. Nc3 Bg7 9. Bf4 d5 10. exd6 Bf5 11. Qe3 O-O 12. O-O-O exd6 13. Rxd6 Qc8 14. Qd2 Re8 15. Bh6 Rd8 16. Bxg7 Kxg7 17. Nd4 Rxd6 18. Nxf5+ Qxf5 19. Qxd6 Qxf2 20. Qd2 Qxd2+ 21. Kxd2 Rd8+ 22. Kc1 Ne5 23. Be2 Nbc4 24. g4 f6 25. Rg1 a6 26. Ne4 Ne3 27. Rg3 N3xg4 28. Bxg4 Nxg4 29. Rxg4 f5 30. Ng5 fxg4 31. Ne6+ Kf6 32. Nxd8 h5 33. Kd2 Ke5 34. Ke3 h4 35. Nxb7 h3 36. Kf2 Kf4 37. Nc5 g3+ 38. hxg3+ Kg4 39. Nxa6 h2 40. Kg2 h1=Q+ 41. Kxh1 Kxg3 42. Kg1 Kf3 43. b4 Ke4 44. b5 Kd5 45. c4+ Kd6 46. c5+ Kd7 47. c6+ Kc8 48. b6 g5 49. b7+ Kd8 50. b8=Q+ Ke7 51. c7 g4 52. c8=Q g3 53. Qe8+ Kf6 54. Qf4+ Kg7 55. Qg5+ Kh7 56. Qeh5# 1-0

[Event "46th GRE-chT Premier 2018"]
[Site "Rio Achaia"]
[Date "2018.07.10"]
[Round "1"]
[White "Gioutsou, Miranta"]
[Black "Kaliontzaki, Argyro Evanthia"]
[Result "1/2-1/2"]
[ECO "B30"]
[WhiteElo "1467"]
[BlackElo "1346"]
[Annotator "NA"]
[PlyCount "89"]
[EventDate "2018.07.10"]
[EventType "team-tourn"]
[EventCountry "GRE"]
[SourceTitle "playchess.com"]
[Source "ChessBase"]
[SourceQuality "1"]
[TimeControl "40/5400+30:1800+30"]

1. e4 c5 2. Nf3 Nc6 3. c3 d5 4. exd5 Qxd5 5. d4 Bf5 6. Be2 cxd4 7. cxd4 Bxb1 8. Rxb1 Nf6 9. a3 e6 10. O-O Be7 11. h3 O-O 12. Be3 a5 13. Qd3 a4 14. Nd2 Rfd8 15. Bf3 Qd7 16. Bxc6 Qxc6 17. Rfc1 Qd7 18. Nc4 Nd5 19. Rc2 Bf6 20. Qe4 Rac8 21. Rbc1 b5 22. Ne5 Bxe5 23. dxe5 Rxc2 24. Rxc2 Nxe3 25. fxe3 h6 26. Rc5 Qd1+ 27. Kh2 Qb3 28. Rc2 Qd5 29. Qf4 Qb3 30. Rc7 Rf8 31. Qd4 g6 32. Rb7 h5 33. Qb4 Qxe3 34. Rxb5 Rd8 35. Qxa4 Rd2 36. Qb4 Qe2 37. Rb8+ Kh7 38. Rh8+ Kxh8 39. Qf8+ Kh7 40. Qxf7+ Kh8 41. Qf8+ Kh7 42. Qf7+ Kh6 43. Qf4+ Kg7 44. Qf6+ Kh6 45. Qf4+ 1/2-1/2

[Event "46th GRE-chT Premier 2018"]
[Site "Rio Achaia"]
[Date "2018.07.10"]
[Round "1"]
[White "Louka, Marianthi"]
[Black "Skiadopoulou, Afroditi-Lelouda"]
[Result "1/2-1/2"]
[ECO "C54"]
[WhiteElo "1465"]
[BlackElo "1491"]
[Annotator "NA"]
[PlyCount "114"]
[EventDate "2018.07.10"]
[EventType "team-tourn"]
[EventCountry "GRE"]
[SourceTitle "playchess.com"]
[Source "ChessBase"]
[SourceQuality "1"]
[TimeControl "40/5400+30:1800+30"]

1. e4 e5 2. Nf3 Nc6 3. Bc4 Bc5 4. c3 Nf6 5. d3 O-O 6. O-O d5 7. exd5 Nxd5 8. h3 Nb6 9. Bb3 Bf5 10. Nxe5 Nxe5 11. d4 Bd6 12. dxe5 Bxe5 13. Qf3 Qf6 14. Na3 Qg6 15. Re1 Rae8 16. Kh1 Bd6 17. Bf4 Be4 18. Rxe4 Qxe4 19. Qxe4 Rxe4 20. Be3 Rfe8 21. Rd1 Kf8 22. Nb5 Nc4 23. Bxc4 Rxc4 24. Nxd6 cxd6 25. Rxd6 Ke7 26. Rd2 b6 27. g3 h6 28. Kg2 f6 29. Rd3 Rd8 30. Bd4 Rc6 31. Kf1 Re6 32. Rd2 Kf7 33. Rd3 Rd5 34. Rd2 Rh5 35. Kg2 Re1 36. Be3 Re5 37. Rd7+ Re7 38. Rd2 Ke6 39. c4 Rc7 40. Rc2 g5 41. b4 h5 42. c5 bxc5 43. bxc5 g4 44. h4 Rb1 45. Rc4 Rb2 46. Ra4 Rc2 47. Ra6+ Kf5 48. Bd4 Rf7 49. a4 Rc4 50. Be3 Re7 51. a5 Rd7 52. c6 Rc7 53. Rxa7 R7xc6 54. Rh7 Kg6 55. Rh6+ Kf7 56. Rxh5 Ra4 57. Rb5 Rd6 1/2-1/2

[Event "46th GRE-chT Premier 2018"]
[Site "Rio Achaia"]
[Date "2018.07.10"]
[Round "1"]
[White "Thanopoulos, Kleanthis"]
[Black "Vragoteris, Antonios"]
[Result "0-1"]
[ECO "A46"]
[WhiteElo "1454"]
[BlackElo "2160"]
[Annotator "NA"]
[PlyCount "42"]
[EventDate "2018.07.10"]
[EventType "team-tourn"]
[EventCountry "GRE"]
[SourceTitle "playchess.com"]
[Source "ChessBase"]
[SourceQuality "1"]
[TimeControl "40/5400+30:1800+30"]

1. d4 Nf6 2. Nf3 e6 3. Bf4 c5 4. e3 Nc6 5. c3 d5 6. Bd3 Bd6 7. Nbd2 Bxf4 8. exf4 Qb6 9. dxc5 Qxb2 10. c4 Nb4 11. Nb3 Qc3+ 12. Ke2 dxc4 13. Rc1 Qxd3+ 14. Qxd3 cxd3+ 15. Kd1 Bd7 16. Ne5 Nxa2 17. Rc4 Bb5 18. Rd4 Nc3+ 19. Kd2 Ncd5 20. f3 O-O 21. f5 exf5 0-1